 Dungeon Sprint DCSS version 0.30.0-29-ga12c61a403 (webtiles) character file.

Game seed: 1471528196889051455

81 boopmooplesden the Poker (level 4, -4/66 HPs)
             Began as a Minotaur Berserker on June 19, 2023.
             Was a Priest of Trog.
             Slain by Sigmund
             ... wielding a +0 scythe
              (8 damage)
             ... in the Dungeon (Sprint V: "Ziggurat Sprint").
             The game lasted 00:01:00 (107 turns).

boopmooplesden the Poker (Minotaur Berserker)        Turns: 107, Time: 00:01:01

Health: -4/66      AC:  0    Str: 21    XL:     4   Next: 20%
Magic:  3/3        EV: 21    Int:  4    God:    Trog [***...]
Gold:   0          SH:  0    Dex: 17    Spells: 3/3 levels left

rFire   . . .        B - melded +5 demon trident
rCold   . . .        C - melded +3 tower shield
rNeg    . . .        i - melded +5 gold dragon scales
rPois   .            (helmet currently unavailable)
rElec   .            (cloak currently unavailable)
rCorr   .            (gloves currently unavailable)
SInv    .            (boots currently unavailable)
Will    .....        (no amulet) Stlth
                     s - melded +6 ring of dexterity
HPRegen 0.31/turn    q - melded ring of flight
MPRegen 0.08/turn

%: no teleportation
@: berserking (expiring), bat-form, flying, hasted, very quick
A: fast, flying, no casting, tiny, (horns 2), (retaliatory headbutt)
a: Renounce Religion, Berserk, Trog's Hand


You were in the Dungeon.
You worshipped Trog.
Trog was most pleased with you.
You were a bat.
You visited 1 branch

Inventory:

Hand Weapons
 a - a +0 spear
 B - a +5 demon trident (melded)
Armour
 b - a +0 animal skin
 i - +5 gold dragon scales (melded)
 C - a +3 tower shield (melded)
Jewellery
 q - a ring of flight (melded)
 r - a +6 ring of dexterity
 s - a +6 ring of dexterity (melded)
 t - a +6 ring of intelligence
 u - a +6 ring of intelligence
 v - a +6 ring of strength
 w - a +6 ring of strength
 D - a +4 ring of protection
Wands
 x - a wand of flame (15)
 y - a wand of mindburst (7)
 z - a wand of iceblast (7)
 A - a wand of light (7)
Scrolls
 h - 4 scrolls of blinking
 j - 7 scrolls of fog
 k - 5 scrolls of identify
 l - 2 scrolls of fear
Potions
 c - 10 potions of curing
 d - 10 potions of heal wounds
 e - 6 potions of haste
 f - 7 potions of magic
 g - 3 potions of berserk rage
 m - 2 potions of invisibility
 n - 4 potions of resistance
 o - a potion of experience
 p - 5 potions of might


   Skills:
 + Level 6.3 Fighting
 + Level 7.3 Polearms
 + Level 4.3 Armour
 + Level 3.6 Dodging
 + Level 1.6 Shields
 + Level 1.0 Unarmed Combat


You had 3 spell levels left.
You didn't know any spells.
Your spell library was empty.

Dungeon Overview and Level Annotations

Branches:
Dungeon (1/1)

Altars:
Ashenzari
Cheibriados
Dithmenos
Elyvilon
Fedhas
Gozag
Hepliaklqana
Kikubaaqudgha
Makhleb
Nemelex Xobeh
Okawaru
Qazlal
Ru
Sif Muna
Trog
Uskayaw
Vehumet
Wu Jian
Xom
Yredelemnul
Zin
The Shining One
Jiyva
Lugonu

Annotations:
D 1 transporter, Blork the orc, Sigmund


Innate Abilities, Weirdness & Mutations

You are a bat.
You are tiny and dextrous.
You move quickly.
You are flying.
Your equipment is almost entirely melded.
You are incapable of wielding weapons or throwing items.
You cannot cast spells.
((You have a pair of horns on your head.))
((You reflexively headbutt those who attack you in melee.))


Message History

You hit Crazy Yiuf.
You kill Crazy Yiuf!
Trog accepts your kill.
Blork the orc screams, "I'll eat your brain!
And then I'll vomit it back up!"
Blork the orc mumbles some strange words.
Blork the orc seems to speed up.
Jessica closely misses you.
Your Polearms skill increases to level 6!
Your Armour skill increases to level 4!
Your Shields skill increases to level 1!
You bite Jessica!
Jessica is severely wounded.
Blork the orc drinks a potion.
Blork the orc seems to grow stronger.
Jessica mumbles some strange words.
Jessica blinks!
Sigmund hits you from afar with a +0 scythe!
* * * LOW HITPOINT WARNING * * *
Blork the orc screams, "I'll cover the dungeon with your blood!"
You bite Jessica!
You kill Jessica!
Trog accepts your kill.
Trog appreciates your killing of a magic user.
Blork the orc gestures at you while chanting.
The puff of frost misses you.
Your Fighting skill increases to level 6!
Your Polearms skill increases to level 7!
Your Unarmed Combat skill increases to level 1!
You have reached level 4!
You feel agile.
Sigmund gestures wildly while chanting.
Sigmund flickers and vanishes!
Deactivating autopickup; reactivate with Ctrl-A.
You bite Blork the orc!
Blork the orc is moderately wounded.
Blork the orc closely misses you.
You hit Blork the orc.
Blork the orc is moderately wounded.
Blork the orc hits you with a +0 trident!
* * * LOW HITPOINT WARNING * * *
Something hits you!
You die...

▓▓▓▓▓▓▓▓▓▓▓▓▓▓▓▓▓▓▓
▓.8©8.▓.8©8.▓.8©8.▓
▓.))[.▓.:=|.▓.....▓
▓..=..▓.....▓.:...▓
▓..{..▓.....▓.....▓
▓.§o..▓.....▓.††..▓
▓..b..▓.....▓..©..▓
▓).©..▓..©..▓▓▓▓▓▓▓
▓▓▓▓▓▓▓▓▓▓▓▓▓


You could see Blork the orc (fast, strong).

Vanquished Creatures
  Jessica (D)
  Crazy Yiuf (D)
  A mummy (D)
  An adder (D)
  2 adder zombies (D)
  A ball python (D)
7 creatures vanquished.

Notes
Turn   | Place    | Note
-------+----------+-------------------------------------------
     0 | D        | boopmooplesden the Minotaur Berserker began the quest for
                  | the Orb.
     0 | D        | Reached XP level 1. HP: 19/19 MP: 0/0
    13 | D        | Found a blossoming altar of Fedhas.
    13 | D        | Found the +6 Majin-Bo {spellvamp, MP+6 Int+6}
    13 | D        | Found the +27 heavy crossbow "Sniper" {heavy, Acc+∞ SInv}
    13 | D        | Found the +10 dark maul {heavy}
    13 | D        | Found the +15 Maxwell's patent armour {-Cast -Tele rElec
                  | Will+ rCorr}
    13 | D        | Found the +18 shield of the Gong {Loud rN+ Will+ rCorr
                  | EV-5}
    13 | D        | Found the +16 obsidian axe {drain, demonic, Mesm Drain Fly
                  | SInv}
    13 | D        | Found the +7 great mace "Firestarter" {flame, immolate,
                  | rFlCloud rF++}
    13 | D        | Found the +6 shillelagh "Devastator" {shatter}
    13 | D        | Found the +11 plutonium sword {Contam Stlth-}
    13 | D        | Found the +8 lance "Wyrmbane" {slay drac, rPois rF+ rC+
                  | AC+3}
    13 | D        | Found the +9 sword of Zonguldrok {reap}
    13 | D        | Found the +13 scythe of Curses {drain, curses, Drain}
    13 | D        | Found the +9 sword of Power {lifebolt}
    13 | D        | Found the +7 mace of Variability {chaos, chaos arc}
    13 | D        | Found the +11 Singing Sword {sonic wave}
    13 | D        | Found the +8 storm bow {elec, penet}
    14 | D        | Found a viscous altar of Jiyva.
    14 | D        | Found a hazy altar of Hepliaklqana.
    14 | D        | Found a transporter.
    14 | D        | Found an opulent altar of Gozag.
    14 | D        | Found an ancient bone altar of Kikubaaqudgha.
    14 | D        | Found a corrupted altar of Lugonu.
    16 | D        | Found a burning altar of Makhleb.
    17 | D        | Found a sacrificial altar of Ru.
    17 | D        | Found a shimmering blue altar of Sif Muna.
    17 | D        | Found a stormy altar of Qazlal.
    17 | D        | Found a bloodstained altar of Trog.
    17 | D        | Found an iron altar of Okawaru.
    17 | D        | Found a sparkling altar of Nemelex Xobeh.
    63 | D        | Entered arena 2.
    63 | D        | Found a transporter.
    69 | D        | Reached skill level 4 in Polearms
    69 | D        | Reached XP level 2. HP: 28/28 MP: 1/1
    78 | D        | Entered arena 3.
    78 | D        | Found a transporter.
    84 | D        | Reached ** piety under Trog
    85 | D        | Reached skill level 5 in Fighting
    85 | D        | Reached skill level 5 in Polearms
    90 | D        | Reached XP level 3. HP: 36/36 MP: 2/2
    93 | D        | Entered arena 4.
    93 | D        | Found the +2 shield of Resistance {rF++ rC++ Will++}
    93 | D        | Noticed Sigmund
    93 | D        | Noticed Jessica
    93 | D        | Noticed Blork the orc
    93 | D        | Noticed Crazy Yiuf
    93 | D        | Found a transporter.
   101 | D        | Killed Crazy Yiuf
   102 | D        | Reached skill level 6 in Polearms
   102 | D        | Reached skill level 1 in Shields
   104 | D        | Killed Jessica
   104 | D        | Reached *** piety under Trog
   105 | D        | Reached skill level 7 in Polearms
   105 | D        | Reached skill level 1 in Unarmed Combat
   105 | D        | Reached XP level 4. HP: 19/44 MP: 3/3
   107 | D        | Slain by Sigmund

Illustrated notes

Levels and vault maps discovered:
D:        sprint_v [room_start, room_1, room_2, room_3, room_4, room_5, room_6,
          room_7, room_8, room_9, room_10, room_11, room_12, room_13, room_14,
          room_15, room_16, room_17, room_18, room_19, room_20, room_21,
          room_22, room_23, room_24, room_25, room_26, room_27]

Skill      XL: |  1  2  3 |
---------------+----------+-----
Fighting       | 4 5 6 |  6.3
Polearms       | 4 5 7 |  7.3
Armour         | 3 4 |  4.3
Dodging        | 3 |  3.6
Shields        | 1 |  1.6
Unarmed Combat | 1 |  1.0

Action                     |  1- 3 |  4- 6 || total
---------------------------+-------+-------++-------
  Melee: Demon trident     |    14 |       ||    14
         Headbutt          |     1 |       ||     1
         Unarmed           |     8 |     2 ||    10
 Invoke: Berserk           |     1 |       ||     1
 Armour: Gold dragon scale |    12 |       ||    12
  Dodge: Dodged            |    10 |     1 ||    11
  Block: Tower shield      |    19 |       ||    19
